 Dungeon Sprint DCSS version 0.18-a0-1323-g706dcef (webtiles) character file.

78 Kidiri the Ruffian (level 4, -2/37 HPs)
             Began as a Draconian Transmuter on Feb 15, 2016.
             Was a High Priest of Pakellas.
             Slain by a warg (12 damage)
             ... in the Dungeon (Sprint VII: "The Pits").
             The game lasted 00:03:46 (1339 turns).

Kidiri the Ruffian (Draconian Transmuter)           Turns: 1339, Time: 00:03:47

Health: -2/37      AC:  2    Str: 13    XL:     4   Next: 15%
Magic:  0/8        EV: 21    Int: 13    God:    Pakellas [*****.]
Gold:   0          SH:  0    Dex: 17    Spells: 3 memorised, 1 level left

rFire  . . .     SeeInvis .       - Unarmed
rCold  . . .     Gourm    .     (armour unavailable)
rNeg   . . .     Faith    .     (shield currently unavailable)
rPois  x         Spirit   .     (helmet currently unavailable)
rElec  .         Dismiss  .     (cloak currently unavailable)
rCorr  .         Reflect  .     (gloves currently unavailable)
SustAt .         Harm     .     (boots currently unavailable)
MR     .....     NoTele   +     (no amulet)
Stlth  ++........               (no ring)
                                (no ring)

@: spider-form (expiring), not resistant to hostile enchantments, unstealthy
A: unfitting armour, (cold-blooded), AC +5
a: End Transformation, Quick Charge, Device Surge, Renounce Religion


You were in the Dungeon.
You worshipped Pakellas.
Pakellas was extremely pleased with you.
You were not hungry.
You were a venomous arachnid creature.
You visited 1 branch

Inventory:

Missiles
 a - 12 arrows
Rods
 d - a +6 iron rod (13/13)
   (Pakellas gifted it to you in the Dungeon)
Wands
 e - a wand of disintegration (14/24)
Scrolls
 i - a scroll of blinking
 m - 3 scrolls of remove curse
 n - 5 scrolls of amnesia
 o - a scroll of summoning
Potions
 f - a potion of haste
 g - 4 potions of magic
 h - 2 potions of berserk rage
 l - 2 potions of invisibility
 q - 5 potions of heal wounds
 r - 5 potions of curing
Books
 b - a book of Changes

   Spells                             Type                      Level
   a - Beastly Appendage              Transmutation                1
   b - Sticks to Snakes               Transmutation                2
   c - Spider Form                    Transmutation/Poison         3
   d - Ice Form                       Ice/Transmutation            4
   e - Blade Hands                    Transmutation                5
Comestibles
 c - 8 bread rations
 j - 40 fruits
 k - 7 meat rations


   Skills:
 + Level 2.9 Fighting
 * Level 3.6 Dodging
 * Level 4.6 Unarmed Combat
 + Level 3.1 Spellcasting
 * Level 4.3 Transmutations
 + Level 0.0 Ice Magic
 + Level 1.1 Poison Magic
 + Level 2.4 Evocations


You had one spell level left.
You knew the following spells:

 Your Spells              Type           Power        Failure   Level  Hunger
a - Beastly Appendage     Trmt           ##....       14%         1    #......
b - Spider Form           Trmt/Pois      #.........   41%         3    ###....
c - Ice Form              Ice/Trmt       #.......     98%         4    #####..


Dungeon Overview and Level Annotations

Branches:
Dungeon (1/1)

Altars:
Ashenzari
Cheibriados
Dithmenos
Elyvilon
Fedhas
Gozag
Kikubaaqudgha
Makhleb
Nemelex Xobeh
Okawaru
Pakellas
Qazlal
Ru
Sif Muna
Trog
Vehumet
Xom
Yredelemnul
Zin
The Shining One
Beogh
Jiyva
Lugonu


Innate Abilities, Weirdness & Mutations

((Your plain brown scales are hard (AC +5).))
Your body does not fit into most forms of armour.
((You are cold-blooded and may be slowed by cold attacks.))


Message History

There is an open door here.
The warg howls!
A fire bat comes into view.
You closely miss the fire bat. The fire bat completely misses you.
The warg misses you.
You hit the warg.
The warg is lightly wounded.
The fire bat completely misses you. The warg bites you!
You hit the warg.
The warg is moderately wounded.
Your transformation is almost over.
The fire bat closely misses you. The warg bites you.
You hit the warg.
The warg is poisoned.
The warg is moderately wounded.
The fire bat closely misses you. The warg completely misses you.
The fire bat bites you.
You are engulfed in flames.
* * * LOW HITPOINT WARNING * * *
The warg bites you!
You die...
Pakellas says: Time to start the next experiment...

#.#..#..#..##.....
#.#..+..+..#####+#
#.##+####+###.....
#.#........##.....
#.#........##.....
#.#####+#####...<.
#.#..[)))..##.....
#.#..[)))..##.....
#s###########.....
#bhl....# ######
#..#.#..# #.## #
#.. #.# #.. #..
###


You could see a warg, a fire bat and a giant newt.

Vanquished Creatures
  A hound (D)
  A worker ant (D)
  An ufetubus (D)
  An ooze (D)
  A giant gecko (D)
  A bat skeleton (D)
  A giant cockroach (D)
  5 jackals (D)
  A quokka (D)
  A giant gecko zombie (D)
  A giant newt (D)
  A rat (D)
16 creatures vanquished.

Notes
Turn   | Place    | Note
--------------------------------------------------------------
     0 | D        | Kidiri the Draconian Transmuter began the quest for the Orb.
     0 | D        | Reached XP level 1. HP: 16/16 MP: 3/3
    44 | D        | Found a sacrificial altar of Ru.
    44 | D        | Found a basalt altar of Yredelemnul.
    44 | D        | Found a shadowy altar of Dithmenos.
    44 | D        | Found a deep blue altar of Sif Muna.
    44 | D        | Found a burning altar of Makhleb.
    44 | D        | Found a shimmering altar of Xom.
    44 | D        | Found an ancient bone altar of Kikubaaqudgha.
    44 | D        | Found a sparkling altar of Nemelex Xobeh.
    45 | D        | Found a glowing golden altar of the Shining One.
    45 | D        | Found a bloodstained altar of Trog.
    45 | D        | Found a shattered altar of Ashenzari.
    45 | D        | Found a white marble altar of Elyvilon.
    45 | D        | Found a snail-covered altar of Cheibriados.
    45 | D        | Found a blossoming altar of Fedhas.
    45 | D        | Found a radiant altar of Vehumet.
    45 | D        | Found a glowing silver altar of Zin.
    45 | D        | Found a corrupted altar of Lugonu.
    45 | D        | Found a viscous altar of Jiyva.
    45 | D        | Found a roughly hewn altar of Beogh.
    45 | D        | Found an iron altar of Okawaru.
    46 | D        | Found an oddly glowing altar of Pakellas.
    52 | D        | Found a stormy altar of Qazlal.
    52 | D        | Found an opulent altar of Gozag.
    54 | D        | Became a worshipper of Pakellas the Inventive
    72 | D        | Noticed a worker ant
    80 | D        | Killed a worker ant
    80 | D        | Reached skill level 4 in Unarmed Combat
    80 | D        | Reached skill level 1 in Evocations
    80 | D        | Reached XP level 2. HP: 25/25 MP: 2/5
   507 | D        | Reached * piety under Pakellas
   507 | D        | Reached XP level 3. HP: 30/30 MP: 1/7
   727 | D        | Reached ** piety under Pakellas
   727 | D        | Received a gift from Pakellas
   740 | D        | Learned a level 3 spell: Spider Form
   952 | D        | Reached *** piety under Pakellas
   966 | D        | Reached **** piety under Pakellas
   966 | D        | Received a gift from Pakellas
  1163 | D        | Reached skill level 1 in Poison Magic
  1163 | D        | Reached XP level 4. HP: 18/37 MP: 5/8
  1176 | D        | Reached ***** piety under Pakellas
  1331 | D        | Learned a level 4 spell: Ice Form
  1334 | D        | Noticed a warg
  1335 | D        | Noticed a fire bat
  1339 | D        | Slain by a warg

Vault maps used:
D:        pitsprint

Action                   |  1- 3 |  4- 6 || total
-------------------------+-------+-------++-------
Melee: Unarmed           |    52 |    15 ||    67
 Cast: Beastly Appendage |     6 |     1 ||     7
       Spider Form       |       |     1 ||     1
Evoke: Wand              |     1 |     1 ||     2
  Use: Potion            |     3 |       ||     3
 Stab: Sleeping          |     1 |       ||     1
  Eat: Chunk             |     1 |     1 ||     2
